 Dungeon Crawl Stone Soup version 0.29-a0-371-g91724d5b39 (webtiles) character file.

Game seed: 12653186111433995690

87 sokol815 the Stinger (level 4, -1/27 HPs)
             Began as an Octopode Venom Mage on May 3, 2022.
             Slain by an orc
             ... wielding a +0 falchion
              (6 damage)
             ... on level 3 of the Dungeon.
             The game lasted 00:03:26 (2303 turns).

sokol815 the Stinger (Octopode Venom Mage)          Turns: 2303, Time: 00:03:27

Health: -1/27      AC:  1    Str:  7    XL:     4   Next: 51%
Magic:  6/7        EV: 13    Int: 19    God:
Gold:   84         SH:  0    Dex: 12    Spells: 6/7 levels left

rFire   . . .      SeeInvis .   l - +0 war axe
rCold   . . .      Faith    .   (no shield)
rNeg    . . .      Spirit   .   (helmet restricted)
rPois   .          Reflect  .   (no amulet)
rElec   .          Harm     .   (no ring)
rCorr   .          Rampage  .   (no ring)
Will    .....                   (no ring)
Stlth   +++.......              (no ring)
HPRegen 0.09/turn               (no ring)
MPRegen 0.10/turn               (no ring)
                                (no ring)
                                (no ring)

@: no status effects
A: almost no armour, amphibious, 8 rings, camouflage 1, gelatinous body 1,
(nimble swimmer 1), tentacles
a: no special abilities


You were on level 3 of the Dungeon.
You visited 1 branch of the dungeon, and saw 3 of its levels.

You collected 84 gold pieces.

Inventory:

Hand Weapons
 d - a +0 hunting sling
   (You found it on level 1 of the Dungeon)
 f - a +0 whip
   (You found it on level 1 of the Dungeon)
 i - a +0 dagger
   (You took it off a kobold on level 1 of the Dungeon)
 l - a +0 war axe (weapon)
   (You found it on level 3 of the Dungeon)
Missiles
 b - 2 javelins
 e - 5 boomerangs
 k - 2 poisoned darts
 s - 77 stones
Potions
 a - a potion of curing {unknown}
 c - a potion of flight {unknown}
 g - a potion of brilliance {unknown}
 h - 2 potions of heal wounds {unknown}
 j - a potion of mutation {unknown}
 M - a potion of magic


   Skills:
 - Level 2.0 Dodging
 - Level 2.6 Stealth
 - Level 2.0 Spellcasting
 + Level 3.0 Transmutations
 + Level 5.1 Poison Magic


You had 6 spell levels left.
You knew the following spells:

 Your Spells              Type           Power      Damage    Failure   Level
a - Sting                 Tmut/Pois      68%        1d6       3%          1

Your spell library contained the following spells:

 Spells                   Type           Power      Damage    Failure   Level
 Poisonous Vapours        Pois/Air       22%        N/A       9%          2
 Olgreb's Toxic Radiance  Pois           21%        N/A       21%         4
 Mephitic Cloud           Conj/Pois/Air  8%         N/A       26%         3


Dungeon Overview and Level Annotations

Branches:
Dungeon (3/15)

Altars:


Innate Abilities, Weirdness & Mutations

You cannot wear most types of armour.
You are amphibious.
You can wear up to eight rings at the same time.
Your skin changes colour to match your surroundings (Stealth+).
Your rubbery body absorbs attacks. (AC +1, EV +1)
((You are camouflaged when in or above water. (Stealth+)))
You have tentacles for arms and can constrict up to eight enemies at once.


Message History

The sting hits the orc.
The orc is poisoned.
The orc shouts!
You now have 6/7 mp.
You closely miss the orc. Your grab misses the orc.
The orc hits you with a +0 flail.
You take 1 damage, and have 26/27 hp.
You hit the orc but do no damage. Your grab misses the orc. The orc misses you.
The orc barely misses you.
You slash the orc!
You kill the orc!
s - 50 stones (gained 1)
Things that are here:
a +0 flail; a +0 dagger
Things that are here:
a +0 club; an orc corpse Health restored: 27; MP restored: 7
s - 77 stones (gained 27)
You start waiting.
A ball python comes into view.
Unknown command.
No target in view!
No target in view!
Things that are here:
a +0 flail; a +0 dagger
There is an open door here.
There is an open door here.
Things that are here:
a +0 club; an orc corpse You open the door.
There is an open door here.
Things that are here:
a +0 flail; a +0 dagger A ball python is nearby!
The sting hits the ball python.
The ball python is poisoned.
You kill the ball python!
You now have 6/7 mp.
There is an open door here.
You open the door.
A hobgoblin comes into view.
MP restored: 7 The sting hits the hobgoblin.
The hobgoblin is poisoned.
The hobgoblin shouts!
You now have 6/7 mp.
The sting hits the hobgoblin.
The hobgoblin looks even sicker.
You kill the hobgoblin!
You now have 5/7 mp.
An orc wizard comes into view. It is wielding a +0 dagger.
The orc wizard shouts!
MP restored: 7 The sting misses the orc wizard.
You now have 6/7 mp.
The sting misses the orc wizard.
You now have 5/7 mp.
You closely miss the orc wizard. Your grab misses the orc wizard.
The orc wizard closely misses you.
The orc wizard hits you with a +0 dagger.
You take 5 damage, and have 22/27 hp.
The orc priest shouts!
You hit the orc wizard. Your grab misses the orc wizard.
You squeeze the orc wizard.
You hear a shout!
The orc wizard gestures at you while chanting.
The puff of flame hits you!
You take 7 damage, and have 15/27 hp.
MASSIVE DAMAGE!!
The orc wizard hits you with a +0 dagger.
You hit the orc wizard but do no damage.
Your grab misses the orc wizard. The orc wizard misses you.
The orc wizard hits you with a +0 dagger.
You take 5 damage, and have 10/27 hp.
You barely miss the orc wizard. You grab the orc wizard.
Your squeeze misses the orc wizard. You constrict the orc wizard.
The orc wizard barely misses you.
You hit the orc wizard.
You squeeze the orc wizard, but do no damage.
You constrict the orc wizard. The orc wizard misses you.
The orc wizard hits you but does no damage.
You are too injured to fight recklessly!
You barely miss the orc wizard. You barely miss the orc priest.
You constrict the orc wizard.
You kill the orc wizard!
The orc priest hits you with a +0 whip.
* * * LOW HITPOINT WARNING * * *
Your Transmutations skill increases to level 3!
Your Poison Magic skill increases to level 5!
You take 4 damage, and have 6/27 hp.
You hit the orc priest. You grab the orc priest.
You squeeze the orc priest, but do no damage.
You constrict the orc priest. The orc priest hits you with a +0 whip.
* * * LOW HITPOINT WARNING * * *
The orc priest closely misses you.
You take 2 damage, and have 4/27 hp.
You barely miss the orc priest. You squeeze the orc priest.
You closely miss the orc. You constrict the orc priest.
The orc closely misses you.
The orc priest looks satisfied for a moment.
You hit the orc priest.
You kill the orc priest!
You barely miss the orc. The orc hits you with a +0 falchion.
You die...

#.# .## #.# ....
#..###.. ### .......
..##
###..###########..#
..#..#..'...#..#..
..'..#..#...#†.#.#
###..####)).#'##.#
........##'##...@#
......⌠........)o#
#####................o.
)#..##'##..####...#.###
.#[.'...#..# #...# #
#####...#..# #..##
#####..# #..# ..o ....
...# #.o ###### ##.#
#..


You could see an orc.

Vanquished Creatures
  An orc priest (D:3)
  An orc wizard (D:3)
  An adder (D:2)
  2 dart slugs (D:2)
  2 orcs (D:3)
  3 endoplasms
  A goblin (D:2)
  5 hobgoblins
  2 jackals (D:2)
  2 kobolds
  3 quokkas (D:2)
  5 ball pythons
  8 bats
  A frilled lizard (D:1)
  6 rats
43 creatures vanquished.

Vanquished Creatures (others)
  9 fungi (D:2)
  A plant (D:3)
10 creatures vanquished.

Grand Total: 53 creatures vanquished

Notes
Turn   | Place    | Note
-------+----------+-------------------------------------------
     0 | D:1      | sokol815 the Octopode Venom Mage began the quest for the
                  | Orb.
     0 | D:1      | Reached XP level 1. HP: 11/11 MP: 3/3
   551 | D:1      | Reached XP level 2. HP: 17/17 MP: 3/5
   631 | D:1      | Reached skill level 4 in Poison Magic
  1301 | D:2      | Reached skill level 2 in Transmutations
  1342 | D:2      | Reached XP level 3. HP: 21/21 MP: 3/6
  2190 | D:3      | Reached XP level 4. HP: 27/27 MP: 7/7
  2300 | D:3      | HP: 6/27 [orc priest/+0 whip (4)]
  2301 | D:3      | Reached skill level 3 in Transmutations
  2301 | D:3      | Reached skill level 5 in Poison Magic
  2303 | D:3      | Slain by an orc

Illustrated notes

Levels and vault maps discovered:
D:1:      sevenhm_arrival_forest_fort_small_5, layout_basic, chequers_jeans
D:2:      layout_rooms, dreamdust_mushroom_princess
D:3:      corexii_shack_village, layout_loops_ring, kennysheep_generic_room_3

Skill      XL: |  1  2  3  4 |
---------------+-------------+-----
Poison Magic   | 4 5 |  5.1
Transmutations | 2 3 |  3.0
Dodging        | |  2.0
Stealth        | |  2.6
Spellcasting   | |  2.0

Action                   |  1- 3 |  4- 6 || total
-------------------------+-------+-------++-------
Melee: Unarmed           |     5 |       ||     5
       Constrict         |    10 |     2 ||    12
       Whip              |    30 |       ||    30
       Tentacles         |     9 |     4 ||    13
       War axe           |     1 |    12 ||    13
 Fire: Hunting sling     |     4 |       ||     4
 Cast: Sting             |    39 |     6 ||    45
  Use: Scroll            |     5 |       ||     5
 Stab: Sleeping          |     2 |       ||     2
Armor: Skin              |     1 |     1 ||     2
Dodge: Dodged            |    15 |     8 ||    23

Table legend: (Time is in decaauts)
 A = Elapsed time spent in this place.
 B = Non-inter-level travel time spent in this place.
 C = Inter-level travel time spent in this place.
 D = Time resting spent in this place.
 E = Time spent auto-exploring this place.
 F = Levels seen in this place.
 G = Mean time per level.
                   A        B        C        D        E       F      G
               +--------+--------+--------+--------+--------+-----+--------+
         Total |   2314 |   2227 |     87 |    427 |   1537 |   3 |  771.3 |
       Dungeon |   2314 |   2227 |     87 |    427 |   1537 |   3 |  771.3 |
               +--------+--------+--------+--------+--------+-----+--------+

Top non-repeatable levels by time:
     D:1: 1282 daAuts
     D:2: 823 daAuts
     D:3: 208 daAuts

Table legend:
 A = Kills in this place as a percentage of kills in entire the game.
 B = Kills by you in this place as a percentage of kills by you in the entire game.
 C = Kills by friends in this place as a percentage of kills by friends in the entire game.
 D = Other kills in this place as a percentage of other kills in the entire game.
 E = Experience gained in this place as a percentage of experience gained in the entire game.
 F = Experience gained in this place divided by the number of levels of this place that you have seen.
                   A       B       C       D       E      F
               +-------+-------+-------+-------+-------+----------------------
         Total | 100.0 | 100.0 |   N/A |   N/A | 100.0 |  55.3
       Dungeon | 100.0 | 100.0 |   N/A |   N/A | 100.0 |  55.3
               +-------+-------+-------+-------+-------+----------------------
